 Dungeon Crawl Stone Soup version 0.21-a0-426-g98080a9 (webtiles) character file.

51 mastercheaf21 the Cudgeler (level 3, -2/34 HPs)
             Began as a Minotaur Berserker on Nov 6, 2017.
             Was a Believer of Trog.
             Slain by a gnoll
             ... wielding a +0 spear
              (7 damage)
             ... on level 2 of the Dungeon.
             The game lasted 00:03:39 (563 turns).

mastercheaf21 the Cudgeler (Minotaur Berserker)      Turns: 563, Time: 00:03:40

Health: -2/34      AC:  5    Str: 22    XL:     3   Next: 57%
Magic:  2/2        EV: 11    Int:  4    God:    Trog [**....]
Gold:   14         SH:  0    Dex:  9    Spells: 2/2 levels left

rFire    . . .     SeeInvis .   a - +0 mace
rCold    . . .     Gourm    .   (no shield)
rNeg     . . .     Faith    .   f - +0 ring mail
rPois    .         Spirit   .   (helmet restricted)
rElec    .         Reflect  .   (no cloak)
rCorr    .         Harm     .   (no gloves)
MR       .....                  (no boots)
Stlth    ..........             (no amulet)
HPRegen  0.11/turn              (no ring)
MPRegen  0.08/turn              (no ring)

@: no status effects
A: retaliatory headbutt, horns 2
a: Berserk, Trog's Hand, Burn Spellbooks, Renounce Religion


You were on level 2 of the Dungeon.
You worshipped Trog.
Trog was pleased with you.
You were not hungry.

You visited 1 branch of the dungeon, and saw 2 of its levels.

You collected 14 gold pieces.

Inventory:

Hand Weapons
 a - a +0 mace (weapon)
Armour
 b - a +0 animal skin
 f - a +0 ring mail (worn)
Potions
 e - 2 potions of heal wounds
Comestibles
 c - a bread ration
 d - a chunk of flesh


   Skills:
 + Level 4.3 Fighting
 * Level 5.0 Maces & Flails
 - Level 2.4 Armour
 - Level 2.2 Dodging


You had 2 spell levels left.
You didn't know any spells.

Dungeon Overview and Level Annotations

Branches:
Dungeon (2/15)

Altars:


Innate Abilities, Weirdness & Mutations

You reflexively headbutt those who attack you in melee.
You have a pair of horns on your head.


Message History

You hit the gnoll. You headbutt the gnoll!
You kill the gnoll!
Trog accepts your kill.
Your Maces & Flails skill increases to level 5!
A gnoll comes into view.
The gnoll shouts!
The gnoll moves out of view.
You see here a spear.
The gnoll closely misses you.
A gnoll comes into view. It is wielding a flail.
The gnoll closely misses you.
Some of the chunks of flesh in your inventory have rotted away.
You hit the gnoll. You headbutt the gnoll.
The gnoll is almost dead.
The gnoll hits you with a spear!
* * * LOW HITPOINT WARNING * * *
You hit the gnoll but do no damage. Your headbutt misses the gnoll.
The gnoll is almost dead.
The gnoll hits you with a spear!
You die...

#.##.##..##......# #
#.##.##......#...##.#
#.##................
#.#####........... #.#
#..#...##.###.## #.##
##..#...........#
#..###.......##.###.##
..............#)###
##.####.........@g#.
#<................g.....
..)......#..............
#.###....#)#..#.###.#...
#. #...†..[..#.# .# ..
.. #....###..#.# # .
.........# #..#.#
#.####........... #.
#.#.###..#.#


You could see 2 gnolls.

Vanquished Creatures
  A gnoll (D:2)
  An adder (D:2)
  An ooze (D:2)
  2 dart slugs (D:1)
  A leopard gecko (D:2)
  An orc (D:2)
  3 bats
  A giant cockroach (D:1)
  4 goblins
  2 hobgoblins (D:1)
  A frilled lizard (D:1)
  2 kobolds
  4 rats
24 creatures vanquished.

Notes
Turn   | Place    | Note
-------+----------+-------------------------------------------
     0 | D:1      | mastercheaf21 the Minotaur Berserker began the quest for the Orb.
     0 | D:1      | Reached XP level 1. HP: 19/19 MP: 0/0
   138 | D:1      | Reached skill level 4 in Maces & Flails
   138 | D:1      | Reached XP level 2. HP: 22/27 MP: 1/1
   512 | D:2      | Reached XP level 3. HP: 29/33 MP: 2/2
   520 | D:2      | Reached ** piety under Trog
   558 | D:2      | Reached skill level 5 in Maces & Flails
   563 | D:2      | Slain by a gnoll

Vault maps used:
D:1:      minmay_arrival_diagonal_passages
D:2:      lemuel_round_altar, grunt_qazlal_clouds, first_bread, uniq_sigmund

Skill      XL: |  1  2  3 |
---------------+----------+-----
Maces & Flails | 4 5 |  5.0
Fighting       | 4 |  4.3
Armour         | |  2.4
Dodging        | |  2.2

Action                   || total
-------------------------++-------
Melee: Mace              ||    44
       Headbutt          ||     8
  Use: Potion            ||     1
Armor: Animal skin       ||    12
Dodge: Dodged            ||    39

Table legend:
 A = Spawn XP
 B = Non-spawn XP
 C = Spawn XP percentage of total XP
 D = Spawn monster count
 E = Non-spawn monster count
 F = Spawn count percentage of total count
 G = Total turns spent on level
                    A         B        C        D         E        F      G
               +---------+---------+-------+---------+---------+-------+---------
         Total |       0 |      73 |   0.0 |       0 |      24 |   0.0 |   563
               +---------+---------+-------+---------+---------+-------+---------
           D:1 |       0 |      28 |   0.0 |       0 |      15 |   0.0 |   452
           D:2 |       0 |      45 |   0.0 |       0 |       9 |   0.0 |   111
               +---------+---------+-------+---------+---------+-------+---------
